 Dungeon Crawl Stone Soup version 0.17-a0-1368-g6ab37f2 (webtiles) character file.

429 abixa the Cleaver (level 6, -5/51 HPs)
             Began as a Hill Orc Berserker on June 12, 2015.
             Was a Priest of Trog.
             Slain by an orc
             ... wielding a +2 war axe of electrocution
              (19 damage)
             ... on level 4 of the Dungeon.
             The game lasted 00:08:31 (3250 turns).

abixa the Cleaver (Hill Orc Berserker)              Turns: 3250, Time: 00:08:31

Health: -5/51      AC:  8    Str: 20    XL:     6   Next: 98%
Magic:  6/6        EV:  5    Int:  7    God:    Trog [***...]
Gold:   216        SH:  0    Dex: 12    Spells: 0 memorised, 5 levels left

rFire  . . .     SeeInvis .     a - +0 hand axe
rCold  . . .     Clarity  .     v - +0 scale mail
rNeg   . . .     SustAt   .     (no shield)
rPois  .         Gourm    .     B - +0 helmet
rElec  .         Spirit   .     (no cloak)
rCorr  .         Warding  .     (no gloves)
rMut   .         Stasis   .     (no boots)
MR     .....                    (no amulet)
Stlth  ..........               (no ring)
                                (no ring)

@: not resistant to hostile enchantments, extremely unstealthy
A: no striking features
a: Burn Spellbooks, Berserk, Trog's Hand, Renounce Religion


You were on level 4 of the Dungeon.
You worshipped Trog.
Trog was most pleased with you.
You were not hungry.

You visited 1 branch of the dungeon, and saw 4 of its levels.

You collected 216 gold pieces.

Inventory:

Hand weapons
 a - a +0 hand axe (weapon)
 b - a +0 hunting sling
 j - a +2 dagger of protection
 y - a +0 halberd
Missiles
 d - 152 stones (quivered)
 h - 4 tomahawks
 s - 4 javelins
 t - 8 sling bullets
 u - 11 poisoned sling bullets
Armour
 v - a +0 scale mail (worn)
 B - a +0 helmet (worn)
Scrolls
 f - a scroll of enchant armour {unknown}
 n - 3 scrolls of teleportation {unknown}
 o - a scroll of magic mapping {unknown}
 r - a scroll of noise {unknown}
 w - a scroll of remove curse {unknown}
 x - a scroll of enchant weapon {unknown}
 z - 2 scrolls of identify {unknown}
 C - a scroll of amnesia {unknown}
Potions
 e - 4 potions of heal wounds {unknown}
 g - 2 potions of haste {unknown}
 i - 4 potions of curing {unknown}
 k - a potion of flight {unknown}
 p - 3 potions of poison {unknown}
 q - a potion of degeneration {unknown}
Comestibles
 c - 4 bread rations
 l - 2 royal jellies
 m - 2 meat rations


   Skills:
 - Level 3.6 Fighting
 + Level 8.3 Axes
 + Level 5.0 Armour
 - Level 1.5 Dodging


You had 5 spell levels left.
You didn't know any spells.

Dungeon Overview and Level Annotations

Branches:
Dungeon (4/15)
 Temple: D:4-7

Altars:
Nemelex Xobeh
Trog
Yredelemnul


Message History

The orc is moderately wounded.
The orc closely misses you.
You see here a rat corpse.
You hit the orc.
The orc is severely wounded.
A jackal comes into view.
The jackal barks!
A jackal comes into view.
The jackal barks!
The jackal misses you. The jackal closely misses you.
The jackal barely misses you. The jackal misses you.
The jackal completely misses you. The jackal bites you.
The jackal barely misses you.
There is a stone staircase leading up, spattered with blood here.
The orc hits you with a war axe of electrocution.
* * * LOW HITPOINT WARNING * * *
You are electrocuted!
You die...

..>........#.###...........###
#####........##.........#### #
..........#.............# #####
####.........##.........# #....
.......###..o......(...## #o###
###.....##.#####......## #.#
#..#..##.# #.....## #o# #..#..##.#
#.).### #O# #......o.#
#.@.############.### # #.#...####
#.ho##..............
###.#.#(########.hh##.#.##.......##
##........(.......((.......#####..#
....#....(.................# #...
##..#.#........(...........# #.##
##..#..#..######...##O####.# #.##
##..##.#..# #...##.o..o.#####..O
#........# #...#######..O....##


You could see an ogre, 2 orcs and 3 jackals.

Vanquished Creatures
  A phantom (D:4)
  2 hounds
  An iguana (D:4)
  2 orc wizards (D:3)
  4 gnolls (D:3)
  4 adders
  2 oozes
  2 worms
  2 giant geckos
  12 orcs
  10 bats
  2 giant cockroaches
  8 goblins
  11 hobgoblins
  5 jackals
  A ball python (D:1)
  6 giant newts
  8 kobolds
  6 rats
  A spectral orc (D:2)
90 creatures vanquished.

Notes
Turn   | Place    | Note
--------------------------------------------------------------
     0 | D:1      | abixa the Hill Orc Berserker began the quest for the Orb.
     0 | D:1      | Reached XP level 1. HP: 19/19 MP: 1/1
   127 | D:1      | Reached XP level 2. HP: 16/26 MP: 2/2
   180 | D:1      | Reached skill level 5 in Axes
   287 | D:1      | Acquired Trog's second power
   287 | D:1      | Reached XP level 3. HP: 7/31 MP: 3/3
   324 | D:1      | HP: 1/31 [jackal (3)]
   949 | D:2      | Reached skill level 6 in Axes
  1169 | D:2      | Found a faded altar to an unknown god.
  1238 | D:2      | Reached XP level 4. HP: 28/39 MP: 4/4
  1434 | D:2      | Found a basalt altar of Yredelemnul.
  1645 | D:3      | Reached XP level 5. HP: 26/45 MP: 5/5
  1741 | D:3      | Found a sparkling altar of Nemelex Xobeh.
  1845 | D:3      | Reached skill level 7 in Axes
  2492 | D:3      | Found a bloodstained altar of Trog.
  2774 | D:3      | Reached XP level 6. HP: 35/51 MP: 6/6
  2827 | D:4      | Noticed a phantom
  2860 | D:4      | Killed a phantom
  3017 | D:4      | Reached skill level 8 in Axes
  3125 | D:4      | Noticed an ogre
  3138 | D:3      | Reached skill level 5 in Armour
  3250 | D:4      | Slain by an orc

Vault maps used:
D:1:      dpeg_arrival_central
D:2:      yredelemnul_forgotten_temple_becter, ecumenical_altar_2
D:3:      old_standard_altar, lemuel_round_altar, first_bread
D:4:      nicolae_ru_path_of_blood, kennysheep_mini

Action                   |  1- 3 |  4- 6 || total
-------------------------+-------+-------++-------
Melee: Hand axe          |   149 |   240 ||   389
Throw: Stone             |       |    25 ||    25
 Stab: Sleeping          |     3 |       ||     3
  Eat: Chunk             |     1 |     7 ||     8
